Map: Orbital Shipyard

Players

lesha - Winner!

  • Race: Terran Terran

A.I. 1 (Harder)

  • Race: Zerg Zerg

VOD

Have the link to the VOD?

Description

Time

  • Played on: Dec. 4, 2015, 9:09 p.m.
  • Length: 15:37
Show
View Real Time Build Order
Export as new Build Order

lesha Terran - Winner!

Build Orders:  

Get SALT Encoding   

  12  0:01  SCV  
  13  0:15  SCV  
  13  0:18  Supply Depot  
  14  0:28  SCV  
  15  0:40  SCV  
  15  0:41  Barracks  
  16  0:56  SCV  
  17  1:08  SCV  
  18  1:19  Command Center  
  18  1:20  SCV  
  19  1:29  Refinery  
  19  1:32  Refinery  
  19  1:39  Orbital Command  
  19  1:48  Marine  
  20  1:59  Supply Depot  
  20  2:07  SCV  
  21  2:11  Marine  
  22  2:19  SCV  
  23  2:32  SCV  
  23  2:44  SCV  
  25  2:54  Orbital Command  
  25  2:56  SCV  
  25  2:57  Marine  
  26  3:00  Factory  
  26  3:12  SCV  
  27  3:15  Marine  
  28  3:20  SCV  
  28  3:24  SCV  
  30  3:30  Supply Depot  
  30  3:32  SCV  
  31  3:35  Marine  
  31  3:36  SCV  
  33  3:45  Starport  
  33  3:47  SCV  
  35  3:48  SCV  
  35  3:53  Marine  
  36  3:56  Supply Depot  
  36  3:58  Factory Tech Lab  
  36  3:59  SCV  
  36  4:00  SCV  
  38  4:11  SCV  
  38  4:12  Barracks Reactor, SCV  
  40  4:23  SCV  
  41  4:24  SCV, Barracks  
  42  4:42  Banshee  
  42  4:43  Cloaking Field  
  45  4:50  Supply Depot  
  45  4:51  SCV  
  46  4:53  SCV  
  46  4:57  Refinery  
  46  4:58  Refinery  
  47  5:03  SCV  
  47  5:05  SCV  
  49  5:12  Starport  
  49  5:15  SCV  
  49  5:17  SCV  
  49  5:19  Barracks  
  51  5:21  Barracks  
  51  5:27  SCV  
  52  5:28  Banshee  
  55  5:40  SCV  
  56  5:48  SCV  
  57  5:52  SCV  
  57  5:54  Command Center, Factory Tech Lab  
  57  5:56  Starport Tech Lab  
  58  6:00  SCV  
  59  6:11  Banshee  
  59  6:14  Barracks Reactor  
  59  6:15  Barracks Reactor  
  59  6:16  Barracks Tech Lab  
  62  6:30  Marine x2  
  64  6:36  SCV x2  
  66  6:44  Marine  
  67  6:48  SCV, Marine x2  
  67  6:53  Engineering Bay  
  70  6:56  Engineering Bay  
  70  7:00  Supply Depot, SCV  
  68  7:02  Supply Depot x2, Marine  
  68  7:05  Supply Depot, Marine  
  68  7:06  Marine  
  68  7:24  Siege Tank  
  68  7:27  Marine x4  
  68  7:28  Marauder  
  68  7:29  Marine x2  
  79  7:45  Marine  
  80  7:53  Marauder  
  80  7:54  Marine x2  
  80  7:55  Marine x3  
  80  7:56  Siege Tank  
  94  8:01  Starport Reactor  
  94  8:03  Marine  
  93  8:06  Starport Reactor  
  93  8:07  Terran Infantry Weapons Level 1  
  93  8:08  Terran Infantry Armor Level 1  
  93  8:12  Marine  
  92  8:15  Marauder  
  92  8:16  Armory  
  94  8:22  Supply Depot  
  94  8:23  Supply Depot  
  94  8:25  Supply Depot  
  94  8:26  Supply Depot  
  94  8:29  Supply Depot  
  94  8:32  Liberator x2  
  94  8:45  Starport  
  94  8:46  Starport  
  94  8:52  Marine x4  
  94  8:53  Command Center, Marine x2  
  94  8:54  Marauder, Liberator x2  
  114  8:56  Siege Tank  
  117  9:16  Marauder  
  119  9:18  Marine x5  
  119  9:19  Marine  
  125  9:28  Siege Tank  
  128  9:37  Marauder  
  130  9:51  SCV x2  
  132  9:58  Marauder  
  134  10:01  Barracks  
  134  10:02  Barracks  
  134  10:04  Barracks x2  
  134  10:07  Starport Reactor  
  134  10:08  Starport Reactor  
  134  10:14  Orbital Command x2  
  121  10:40  Stimpack  
  115  10:48  SCV  
  116  10:59  Barracks Reactor x4  
  116  11:00  SCV, Marine x3  
  116  11:01  Marine x4  
  124  11:04  Medivac x3  
  124  11:05  Medivac x2  
  138  11:12  SCV, Supply Depot  
  138  11:14  Supply Depot  
  138  11:16  Supply Depot  
  138  11:18  Supply Depot, Marine x2  
  141  11:19  Marauder  
  141  11:20  Supply Depot  
  141  11:24  SCV, Supply Depot  
  144  11:25  Medivac  
  144  11:26  Medivac  
  144  11:28  Marine x4  
  148  11:33  Terran Infantry Weapons Level 2, Terran Infantry Armor Level 2  
  148  11:35  Marine  
  148  11:36  SCV, Marine  
  151  11:41  Marauder  
  151  11:46  Marine x2  
  151  11:47  Medivac  
  157  11:55  Command Center  
  157  11:58  Refinery  
  157  11:59  Refinery  
  157  12:02  Marauder  
  157  12:03  Refinery  
  157  12:04  Refinery  
  157  12:06  SCV x4  
  163  12:15  Marine x7  
  167  12:16  Marine x7  
  167  12:18  SCV x2, Medivac x3  
  167  12:19  Medivac  
  187  12:23  Marine  
  188  12:32  Marine  
  188  12:33  Marine  
  188  12:34  Marine x5  
  188  12:35  Marine x5  
  200  12:41  Combat Shields  
  196  13:29  Marine x4  
  200  14:00  Concussive Shells  
Show
View Real Time Build Order
Export as new Build Order

A.I. 1 (Harder) Zerg 

Build Orders: Hatch First 

Get SALT Encoding   

  12  0:00  Drone  
  13  0:12  Overlord  
  13  0:17  Drone  
  14  0:30  Drone x2  
  14  0:34  Drone  
  17  0:51  Hatchery  
  17  0:55  Drone  
  17  1:11  Spawning Pool  
  17  1:12  Drone  
  17  1:15  Drone  
  17  1:17  Extractor  
  17  1:19  Drone  
  18  1:27  Overlord  
  18  1:38  Drone  
  19  1:59  Zergling x2  
  19  2:00  Zergling x2  
  19  2:01  Queen  
  21  2:02  Drone, Roach Warren  
  21  2:05  Extractor  
  22  2:15  Baneling Nest  
  21  2:19  Drone  
  21  2:21  Drone  
  23  2:25  Zergling x2  
  23  2:28  Zergling x2  
  25  2:34  Drone  
  26  2:43  Roach  
  28  2:52  Overlord  
  28  2:55  Roach  
  30  3:06  Roach  
  32  3:18  Roach  
  34  3:25  Extractor  
  34  3:26  Drone  
  34  3:29  Lair, Baneling x2  
  34  3:48  Extractor  
  33  3:49  Drone  
  34  3:56  Overlord  
  34  4:01  Drone  
  35  4:05  Drone  
  35  4:09  Drone  
  37  4:13  Drone  
  38  4:18  Drone  
  38  4:20  Drone  
  38  4:24  Drone  
  41  4:28  Drone, Hydralisk Den  
  41  4:31  Drone  
  41  4:36  Overlord  
  42  4:41  Drone  
  42  4:43  Drone  
  44  4:48  Roach  
  46  4:59  Roach  
  48  5:03  Overlord  
  48  5:11  Roach  
  50  5:22  Drone, Roach  
  50  5:27  Overlord  
  53  5:31  Drone  
  53  5:33  Hydralisk  
  53  5:35  Drone  
  57  5:36  Drone  
  57  5:40  Drone  
  57  5:42  Drone  
  60  5:44  Hydralisk  
  60  5:46  Drone  
  60  5:48  Drone  
  64  5:53  Overlord  
  64  5:55  Drone  
  64  5:56  Hydralisk  
  67  5:58  Drone  
  67  6:04  Drone  
  69  6:08  Evolution Chamber, Hydralisk  
  70  6:14  Drone  
  70  6:18  Drone  
  72  6:19  Drone  
  72  6:21  Drone  
  72  6:23  Drone  
  75  6:27  Overlord  
  75  6:31  Overseer  
  75  6:34  Spore Crawler  
  75  6:35  Zerg Melee Weapons Level 1  
  75  6:36  Spore Crawler  
  75  6:37  Drone  
  75  6:39  Drone  
  73  6:42  Drone  
  72  6:49  Queen  
  72  6:52  Drone  
  72  6:54  Drone  
  72  6:56  Drone  
  72  6:59  Drone  
  72  7:01  Drone  
  75  7:02  Drone  
  75  7:06  Drone  
  77  7:13  Drone  
  78  7:17  Drone  
  78  7:19  Muscular Augments  
  79  7:22  Burrow  
  79  7:23  Drone  
  79  7:27  Drone  
  81  7:34  Drone  
  82  7:38  Overlord  
  82  7:45  Roach  
  84  7:56  Overlord, Roach  
  86  8:08  Roach  
  86  8:11  Spine Crawler  
  87  8:12  Spine Crawler  
  87  8:14  Spore Crawler  
  87  8:16  Overlord  
  87  8:19  Roach  
  87  8:20  Spore Crawler  
  87  8:23  Queen  
  87  8:25  Overseer  
  88  8:29  Zerg Ground Armor Level 1  
  88  8:31  Roach  
  88  8:33  Queen  
  92  8:35  Overlord, Infestation Pit  
  92  8:36  Drone  
  92  8:42  Roach  
  92  8:44  Spine Crawler  
  92  8:45  Drone, Spine Crawler  
  92  8:47  Drone  
  94  8:54  Roach  
  94  8:55  Spire  
  95  8:58  Evolution Chamber, Drone  
  95  8:59  Drone  
  96  9:05  Roach  
  98  9:16  Hydralisk  
  100  9:24  Zerg Missile Weapons Level 1  
  100  9:27  Hydralisk  
  102  9:37  Hydralisk  
  102  9:38  Overlord, Pneumatized Carapace  
  104  9:48  Hatchery  
  103  10:00  Overlord  
  103  10:02  Overseer  
  103  10:06  Mutalisk  
  103  10:10  Hydralisk  
  103  10:13  Mutalisk  
  104  10:18  Roach  
  104  10:21  Mutalisk, Roach x4  
  106  10:22  Overlord  
  106  10:23  Hive  
  106  10:28  Corruptor  
  108  10:34  Zerg Flyer Weapons Level 1  
  104  10:35  Corruptor  
  75  10:42  Mutalisk  
  77  10:50  Mutalisk  
  79  10:57  Mutalisk  
  79  11:00  Drone x2  
  79  11:01  Drone x2  
  79  11:02  Drone x4  
  79  11:03  Drone  
  90  11:04  Corruptor  
  90  11:05  Drone  
  90  11:08  Drone, Extractor  
  90  11:10  Drone  
  94  11:11  Mutalisk  
  94  11:12  Drone  
  94  11:13  Spore Crawler  
  94  11:15  Drone  
  94  11:16  Drone  
  98  11:18  Mutalisk  
  100  11:26  Mutalisk  
  100  11:29  Spore Crawler  
  100  11:30  Queen  
  100  11:32  Drone  
  104  11:33  Corruptor  
  104  11:35  Viper  
  104  11:36  Viper  
  112  11:40  Mutalisk  
  112  11:42  Hatchery, Ultralisk Cavern  
  112  11:46  Drone  
  113  11:47  Drone  
  114  11:54  Spine Crawler  
  114  11:59  Spine Crawler  
  114  12:01  Drone  
  113  12:20  Extractor  
  113  12:21  Drone  
  113  12:55  Drone, Queen  
  116  13:06  Extractor  
  116  13:07  Drone  
  116  13:09  Spore Crawler, Drone  
  116  13:17  Mutalisk  
  101  13:20  Viper  
  101  13:21  Drone  
  101  13:23  Spore Crawler, Drone  
  101  13:24  Drone  
  101  13:25  Mutalisk, Extractor  
  101  13:27  Drone, Mutalisk  
  77  13:28  Drone, Spore Crawler  
  77  13:29  Mutalisk  
  77  13:31  Mutalisk  
  77  13:33  Mutalisk  
  81  13:34  Drone  
  81  13:35  Mutalisk  
  81  13:38  Mutalisk  
  81  13:40  Mutalisk  
  85  13:42  Mutalisk  
  85  13:44  Corruptor  
  85  13:47  Roach  
  84  13:49  Roach  
  84  13:51  Zergling x4  
  84  13:52  Zergling x6  
  84  13:54  Zergling x2  
  84  13:55  Drone  
  80  13:56  Roach  
  80  13:58  Mutalisk, Roach  
  80  13:59  Overlord  
  80  14:01  Drone, Roach  
  80  14:02  Hydralisk  
  73  14:04  Hydralisk  
  73  14:06  Drone  
  73  14:07  Roach  
  73  14:08  Drone  
  68  14:10  Drone, Roach  
  68  14:12  Roach  
  68  14:14  Roach  
  68  14:15  Mutalisk, Zergling x2  
  68  14:16  Zergling x2  
  70  14:17  Drone  
  70  14:18  Roach, Zergling x2  
  70  14:20  Hydralisk  
  70  14:21  Drone, Zergling x4  
  70  14:22  Hatchery, Zergling x2  
  70  14:23  Drone, Hydralisk  
  64  14:25  Hydralisk  
  64  14:26  Roach  
  64  14:29  Drone  
  63  14:33  Roach  
  49  14:39  Zergling x2  
  49  14:45  Zergling x2  
  46  14:49  Extractor  
  19  15:10  Drone x2, Hydralisk  
  17  15:17  Drone  
Tags
 
Add a new tag
Caveats
  • Supply blocks, unpowered buildings, or Contaminate may cause inaccurate times.
  • Supply counts are checked every 10 seconds.